 Dungeon Crawl Stone Soup version 0.29-a0-993-g4a18f31a58 (webtiles) character file.

Game seed: 17950475867189197699

11 Nato the Chopper (level 2, 0/27 HPs)
             Began as a Hill Orc Monk on Aug 3, 2022.
             Slain by Jessica
             ... wielding a +0 club
              (4 damage)
             ... on level 2 of the Dungeon.
             The game lasted 00:02:11 (968 turns).

Nato the Chopper (Hill Orc Monk)                     Turns: 968, Time: 00:02:12

Health: 0/27       AC:  3    Str: 13    XL:     2   Next: 29%
Magic:  2/2        EV: 12    Int: 10    God:
Gold:   48         SH:  0    Dex: 13    Spells: 1/1 levels left

rFire   . . .      SeeInvis .   a - +0 hand axe
rCold   . . .      Faith    .   (no shield)
rNeg    . . .      Spirit   .   g - +0 leather armour
rPois   .          Reflect  .   (no helmet)
rElec   .          Harm     .   (no cloak)
rCorr   .          Rampage  .   (no gloves)
Will    .....                   (no boots)
Stlth   ++........              (no amulet)
HPRegen 0.09/turn               (no ring)
MPRegen 0.08/turn               (no ring)

@: slowed, very slow
A: no striking features
a: no special abilities


You were on level 2 of the Dungeon.
You visited 1 branch of the dungeon, and saw 2 of its levels.

You collected 48 gold pieces.

Inventory:

Hand Weapons
 a - a +0 hand axe (weapon)
 h - a +0 whip of draining
Armour
 b - a +0 robe
 g - a +0 leather armour (worn)
Scrolls
 e - a scroll of magic mapping {unknown}
Potions
 c - a potion of ambrosia
 d - a potion of flight {unknown}
 f - a potion of curing


   Skills:
 + Level 4.1 Fighting
 + Level 4.5 Axes
 - Level 2.4 Dodging
 - Level 1.5 Stealth


You had one spell level left.
You didn't know any spells.
Your spell library contained the following spells:

 Spells                   Type           Power      Damage    Failure   Level
 Apportation              Tloc           0%         N/A       43%         1
 Necrotise                Necr           0%         1d4       43%         1
 Summon Small Mammal      Summ           0%         N/A       43%         1


Dungeon Overview and Level Annotations

Branches:
Dungeon (2/15)

Altars:

Annotations:
D:2 Jessica


Message History

You climb downwards.
Found an escape hatch in the floor.
There is a stone staircase leading up here.
Found a stone staircase leading down.
Found a club.
Found a chain mail.
Found a robe.
You pick up a book of Cantrips and begin reading...
You add the spells Necrotise, Summon Small Mammal and Apportation to your library.
Jessica the Apprentice Sorceress comes into view.
She is wielding a +0 club.
Jessica shouts!
Jessica is nearby!
You hit Jessica.
Jessica is lightly wounded.
Jessica hits you with a +0 club.
You hit Jessica.
Jessica is severely wounded.
Jessica drinks a potion.
Jessica is healed!
You barely miss Jessica. Jessica hits you with a +0 club.
You hit Jessica but do no damage. Jessica closely misses you.
You closely miss Jessica. Jessica closely misses you.
You barely miss Jessica. Jessica hits you with a +0 club.
You barely miss Jessica.
Jessica points at you and mumbles some strange words.
You feel yourself slow down.
You closely miss Jessica. Your punch misses Jessica. Jessica misses you.
Jessica casts a spell at you. Pain shoots through your body!
You are too injured to fight recklessly!
You are too injured to fight recklessly!
You closely miss Jessica. Jessica hits you with a +0 club.
* * * LOW HITPOINT WARNING * * *
You barely miss Jessica. Jessica gestures at you while chanting.
You resist with some effort. Jessica hits you with a +0 club.
* * * LOW HITPOINT WARNING * * *
You barely miss Jessica. You punch Jessica, but do no damage.
Jessica closely misses you. x2
You barely miss Jessica. Jessica hits you with a +0 club.
You die...

####.............>...
#[.....>..........#.
#..#.........####.#
#..........#.# .
#..#......<#.########
#.#####.####.........
### #....##........
####.##........
#...@........
#####@..###.. #...#
#...# #######...#
#.........#
...........#
...........#
...........#


You could see Jessica.

Vanquished Creatures
  2 ball pythons (D:1)
  An endoplasm (D:1)
  2 goblins (D:1)
  A hobgoblin (D:1)
  A bat (D:1)
  A frilled lizard (D:1)
  2 kobolds (D:1)
10 creatures vanquished.

Notes
Turn   | Place    | Note
-------+----------+-------------------------------------------
     0 | D:1      | Nato the Hill Orc Monk began the quest for the Orb.
     0 | D:1      | Reached XP level 1. HP: 19/19 MP: 1/1
   453 | D:1      | Reached XP level 2. HP: 27/27 MP: 2/2
   944 | D:2      | Noticed Jessica
   968 | D:2      | Slain by Jessica

Illustrated notes

Levels and vault maps discovered:
D:1:      ebering_trefoil_3fold, layout_basic, kennysheep_pointless_box
D:2:      layout_basic, uniq_jessica, uniq_robin

Skill      XL: |  1 |
---------------+----+-----
Fighting       | 4 |  4.1
Axes           | |  4.5
Dodging        | |  2.4
Stealth        | |  1.5

Action                   || total
-------------------------++-------
Melee: Hand axe          ||    37
       Punch             ||     1
Armor: Leather armour    ||     5
Dodge: Dodged            ||    17

Table legend: (Time is in decaauts)
 A = Elapsed time spent in this place.
 B = Non-inter-level travel time spent in this place.
 C = Inter-level travel time spent in this place.
 D = Time resting spent in this place.
 E = Time spent auto-exploring this place.
 F = Levels seen in this place.
 G = Mean time per level.
                   A        B        C        D        E       F      G
               +--------+--------+--------+--------+--------+-----+--------+
         Total |    971 |    881 |     90 |      0 |    755 |   2 |  485.5 |
       Dungeon |    971 |    881 |     90 |      0 |    755 |   2 |  485.5 |
               +--------+--------+--------+--------+--------+-----+--------+

Top non-repeatable levels by time:
     D:1: 898 daAuts
     D:2: 73 daAuts
